 Dungeon Crawl Stone Soup version 0.24-a0-93-ge1bfdf8 (webtiles) character file.

Game seed: 22385184767652105

16 Kairos the Shield-Bearer (level 2, 0/16 HPs)
             Began as a Vine Stalker Fighter on Feb 10, 2019.
             Was an Initiate of Okawaru.
             Succumbed to an adder's poison
             ... on level 2 of the Dungeon.
             The game lasted 00:00:45 (677 turns).

Kairos the Shield-Bearer (Vine Stalker Fighter)      Turns: 677, Time: 00:00:45

Health: 0/16       AC:  6    Str: 18    XL:     2   Next: 54%
Magic:  2/3        EV:  7    Int:  8    God:    Okawaru [......]
Gold:   42         SH:  9    Dex: 13    Spells: 1/1 levels left

rFire    . . .     SeeInvis .   a - +0 war axe
rCold    . . .     Gourm    .   c - +0 shield
rNeg     . . .     Faith    .   b - +0 scale mail
rPois    .         Spirit   +   (no helmet)
rElec    .         Reflect  .   (no cloak)
rCorr    .         Harm     .   (no gloves)
MR       .....                  (no boots)
Stlth    ..........             (no amulet)
HPRegen  0.05/turn              (no ring)
MPRegen  0.08/turn              (no ring)

@: lethally poisoned (0 -> -12)
A: fangs 2, magic shield, antimagic bite, no potion heal 3, rot immunity
a: Renounce Religion


You were on level 2 of the Dungeon.
You worshipped Okawaru.
Okawaru was noncommittal.
You were not hungry.

You visited 1 branch of the dungeon, and saw 2 of its levels.

You collected 42 gold pieces.

Inventory:

Hand Weapons
 a - a +0 war axe (weapon)
Armour
 b - a +0 scale mail (worn)
 c - a +0 shield (worn)
Potions
 d - a potion of might
 e - 2 potions of cancellation {unknown}
 h - a potion of heal wounds {unknown}
 j - a potion of agility {unknown}
Comestibles
 f - 2 rations


   Skills:
 + Level 2.9 Fighting
 + Level 2.0 Axes
 + Level 2.6 Armour
 + Level 2.9 Shields


You had one spell level left.
You didn't know any spells.
Your spell library was empty.

Dungeon Overview and Level Annotations

Branches:
Dungeon (2/15)

Altars:
Ashenzari
Cheibriados
Okawaru


Innate Abilities, Weirdness & Mutations

You have extremely sharp teeth.
When hurt, damage is shared between your health and your magic reserves.
Your bite disrupts and absorbs the magic of your enemies.
Potions cannot restore your health.
You are immune to rotting.


Message History

You hit the plant but do no damage.
Your shield and scale mail prevent you from hitting the hobgoblin.
You hit the bush.
You feel sick. The adder bites you.
* * * LOW HITPOINT WARNING * * *
You are more poisoned.
The adder poisons you! The adder barely misses you.
The hobgoblin hits you with a +0 club.
* * * LOW HITPOINT WARNING * * *
You closely miss the adder.
The adder is lightly wounded.
You hit the bush but do no damage. You hit the hobgoblin.
You hit the plant but do no damage.
* * * LOW HITPOINT WARNING * * *
You feel sick. The adder bites you but does no damage.
The hobgoblin barely misses you. The adder bites you but does no damage.
You miss the adder.
The adder is lightly wounded.
You hit the bush but do no damage. You closely miss the hobgoblin.
You hit the plant.
You die...

########### .
#.........#
#...#.........#
#.....<.....#
##.....#.#######
#..####.g#P...#
....# #..P@#
#...# #PgS.#
###. +.⌠!_# #
#.P..# #..._#
##(.#P .#### ..


You could see an adder and 2 hobgoblins.

Vanquished Creatures
  2 bats
  A goblin (D:1)
  5 hobgoblins
  3 jackals (D:1)
  A frilled lizard (D:1)
  A rat (D:1)
13 creatures vanquished.

Notes
Turn   | Place    | Note
-------+----------+-------------------------------------------
     0 | D:1      | Kairos the Vine Stalker Fighter began the quest for the
                  | Orb.
     0 | D:1      | Reached XP level 1. HP: 11/11 MP: 2/2
   105 | D:1      | Reached XP level 2. HP: 13/16 MP: 3/3
   659 | D:2      | Found an iron altar of Okawaru.
   668 | D:2      | Found a shattered altar of Ashenzari.
   668 | D:2      | Found a snail-covered altar of Cheibriados.
   672 | D:2      | Became a worshipper of Warmaster Okawaru
   677 | D:2      | Succumbed to an adder's poison

Levels and vault maps discovered:
D:1:      dpeg_arrival_lava_temple_mockup, layout_loops_ring
D:2:      layout_rooms, gammafunk_temple_overflow_forgotten, uniq_natasha,
          uniq_jessica, uniq_sigmund

Skill      XL: |  1  2 |
---------------+-------+-----
Axes           | 2 |  2.0
Fighting       | |  2.9
Armour         | |  2.6
Shields        | |  2.9

Action                   || total
-------------------------++-------
Melee: War axe           ||    33
       Bite              ||     8
  Use: Scroll            ||     3
Armor: Scale mail        ||    19
Dodge: Dodged            ||    11
Block: Shield            ||    19

Table legend:
 A = Non-vault XP
 B = Vault XP
 C = Vault XP percentage of total XP
 D = Non-vault monster count
 E = Vault monster count
 F = Vault count percentage of total count
                 A         B        C        D         E       F
            +---------+---------+-------+---------+---------+-------
      Total |      23 |       0 |   0.0 |      13 |       0 |   0.0
            +---------+---------+-------+---------+---------+-------
        D:1 |      20 |       0 |   0.0 |      11 |       0 |   0.0
        D:2 |       3 |       0 |   0.0 |       2 |       0 |   0.0
            +---------+---------+-------+---------+---------+-------
